 Dungeon Crawl Stone Soup version 0.28.0 (webtiles) character file.

Game seed: 6853321267043492025

555 sasquatch the Chopper (level 7, -5/52 HPs)
             Began as a Formicid Fighter on Feb 9, 2022.
             Slain by an orc warrior (12 damage)
             ... on level 9 of the Dungeon.
             The game lasted 00:07:00 (4643 turns).

sasquatch the Chopper (Formicid Fighter)            Turns: 4643, Time: 00:07:01

Health: -5/52      AC:  9    Str: 23    XL:     7   Next: 55%
Magic:  7/7        EV:  9    Int:  7    God:
Gold:   48         SH:  5    Dex: 10    Spells: 6/6 levels left

rFire   + . .      SeeInvis +   a - +0 war axe
rCold   . . .      Faith    .   c - +0 buckler
rNeg    . . .      Spirit   .   b - +0 scale mail
rPois   .          Reflect  .   (helmet unavailable)
rElec   .          Harm     .   y - +0 cloak
rCorr   .          Rampage  .   (no gloves)
Will    .....                   k - +0 pair of boots
Stlth   ..........              (no amulet)
HPRegen 0.17/turn               e - ring of protection from fire
MPRegen 0.10/turn               (no ring)

@: mighty
A: permanent stasis, dig shafts and tunnels, antennae 3, four strong arms
a: Dig, Shaft Self


You were on level 9 of the Dungeon.
You visited 1 branch of the dungeon, and saw 7 of its levels.

You collected 268 gold pieces.
You spent 220 gold pieces at shops.

Inventory:

Hand Weapons
 a - a +0 war axe (weapon)
Missiles
 h - a throwing net
 j - 6 poisoned darts (quivered)
 o - 5 javelins
Armour
 b - a +0 scale mail (worn)
 c - a +0 buckler (worn)
 k - a +0 pair of boots (worn)
 u - a +0 chain mail
 y - a +0 cloak (worn)
Jewellery
 e - a ring of protection from fire (left hand)
 v - a ring of ice
Wands
 q - a wand of iceblast (12)
 t - a wand of flame (16)
Scrolls
 g - a scroll of magic mapping
 n - a scroll of enchant armour {unknown}
 r - a scroll of amnesia {unknown}
 w - a scroll of fear {unknown}
 x - a scroll of vulnerability {unknown}
 C - a scroll of teleportation {unknown}
 D - a scroll of brand weapon {unknown}
Potions
 d - a potion of might
 i - a potion of haste
 l - 3 potions of attraction
 m - 2 potions of mutation
 p - 2 potions of lignification
 s - 2 potions of invisibility
 z - a potion of resistance
 B - 2 potions of flight


   Skills:
 - Level 3.2 Fighting
 * Level 6.5 Axes
 - Level 3.2 Armour
 + Level 6.3 Shields


You had 6 spell levels left.
You didn't know any spells.
Your spell library contained the following spells:

 Spells                   Type           Power      Damage    Failure   Level
 Conjure Flame            Conj/Fire      0%         6-21      99%         3
 Ignite Poison            Fire/Tmut/Pois 0%         N/A       99%         3
 Sticky Flame             Conj/Fire      0%         2d3       100%        4


Dungeon Overview and Level Annotations

Branches:
Dungeon (9/15)
 Temple: D:4-7         Lair: D:8-11         Orc: D:9-12

Altars:

Shops:
D:1 (   D:4 !

Annotations:
D:5 Dowan, Duvessa


Innate Abilities, Weirdness & Mutations

You cannot be hasted, slowed, berserked, paralysed or teleported.
You can dig through walls and to a lower floor.
You have a pair of large antennae on your head. (SInv)
Your four strong arms can wield two-handed weapons with a shield.


Message History

Found a wand of iceblast (8).
Okay, then.
The centaur wields a +0 shortbow.
The centaur shoots an arrow.
The arrow barely misses you.
Unknown command.
Unknown command.
Okay, then.
Okay, then.
You feel much better. The gnoll hits you but does no damage.
Okay, then.
You hit the gnoll.
The gnoll is heavily wounded.
The centaur shoots an arrow.
The arrow hits you! The gnoll hits you with a +0 flail.
The centaur shoots an arrow.
The arrow barely misses you. You block the gnoll's attack.
Unknown command.
You feel very mighty all of a sudden.
The centaur shoots an arrow.
The arrow hits you. The gnoll hits you with a +0 flail.
The orc warrior hits you from afar with a +0 trident.
* * * LOW HITPOINT WARNING * * *
Unknown command.
You slash the gnoll!
You kill the gnoll!
You hit the orc. The orc hits you but does no damage.
The orc warrior hits you from afar with a +0 trident!
* * * LOW HITPOINT WARNING * * *
Unknown command.
You feel better. You block the orc's attack.
The orc warrior hits you from afar with a +0 trident.
* * * LOW HITPOINT WARNING * * *
Unknown command.
Okay, then.
Unknown command.
You barely miss the orc.
The orc is severely wounded.
The orc hits you with a +0 club.
* * * LOW HITPOINT WARNING * * *
The orc warrior hits you from afar with a +0 trident!
You die...

........##......
.....##.# .....
........## #...... .
....o....##...... ..
......{.........## ..
...........{.....## .##
.?.......##.......#...#.
.........{##.###........
.........o##.###@.../#
.............##.o....#
..............o#c.......
#.......................
.......................
.....#.........#.......
..#.#.........#.......
###..#................
#####...........#.


You could see an orc warrior, a centaur and an orc.

Vanquished Creatures
  An ice beast (D:5)
  2 ogres
  A necrophage (D:4)
  A jelly (D:4)
  Ijyb (D:3)
  A hound skeleton (D:2)
  A gnoll (D:9)
  7 adders
  A worm (D:2)
  3 dart slugs
  An orc (D:4)
  9 ball pythons
  4 endoplasms
  A giant cockroach (D:2)
  11 goblins
  4 hobgoblins
  6 jackals
  3 quokkas
  5 bats
  4 frilled lizards
  3 kobolds
  6 rats
76 creatures vanquished.

Vanquished Creatures (others)
  3 plants (D:3)
3 creatures vanquished.

Grand Total: 79 creatures vanquished

Notes
Turn   | Place    | Note
-------+----------+-------------------------------------------
     0 | D:1      | sasquatch the Formicid Fighter began the quest for the Orb.
     0 | D:1      | Reached XP level 1. HP: 18/18 MP: 1/1
   134 | D:1      | Found a faded altar of an unknown god.
   159 | D:1      | Reached XP level 2. HP: 24/24 MP: 2/2
   216 | D:1      | Found Vaoselouff's Weapon Shoppe.
  1062 | D:2      | Reached XP level 3. HP: 22/29 MP: 3/3
  1469 | D:2      | Reached XP level 4. HP: 34/35 MP: 4/4
  2381 | D:3      | Noticed an ogre
  2387 | D:3      | Killed an ogre
  2388 | D:3      | Reached skill level 5 in Shields
  2388 | D:3      | Reached XP level 5. HP: 41/41 MP: 5/5
  2585 | D:3      | Reached XP level 6. HP: 47/47 MP: 6/6
  2799 | D:3      | Noticed Ijyb
  2822 | D:3      | Killed Ijyb
  2823 | D:3      | Reached skill level 5 in Axes
  4022 | D:4      | Noticed a necrophage
  4030 | D:4      | Killed a necrophage
  4031 | D:4      | Reached XP level 7. HP: 52/52 MP: 7/7
  4056 | D:4      | Found Riergh's Distillery.
  4087 | D:4      | Bought a potion of lignification for 33 gold pieces
  4087 | D:4      | Bought 2 potions of attraction for 66 gold pieces
  4087 | D:4      | Bought a potion of heal wounds for 55 gold pieces
  4087 | D:4      | Bought 2 potions of flight for 66 gold pieces
  4260 | D:5      | Entered Level 5 of the Dungeon
  4591 | D:5      | Noticed Dowan
  4594 | D:5      | Noticed Duvessa
  4605 | D:5      | You fall into a shaft and drop 3 floors!
  4640 | D:9      | HP: 2/52 [orc warrior (11)]
  4643 | D:9      | Slain by an orc warrior

Illustrated notes

Levels and vault maps discovered:
D:1:      eino_arrival_water_star, layout_loops_ring, serial_shops, shop,
          nicolae_ecumenical_snake_handling, minmay_circled_x
D:2:      minmay_wonky_spiral, layout_loops_ring
D:3:      layout_loops_corners, serial_bayou, serial_bayou_shore_b,
          serial_bayou_pond_d, serial_bayou_crossing, serial_bayou_ford_a,
          uniq_ijyb
D:4:      layout_cave_pools, serial_shops, shop
D:5:      layout_cave_pods, minmay_temple_entry_arrows, kennysheep_cross_room,
          uniq_blork_the_orc, uniq_duvessa
D:8:      layout_loops_ring, okawaru_trees_1, enter_bailey_3
D:9:      layout_cave_pools, ebering_ghost_xom

Skill      XL: |  1  2  3  4  5  6  7 |
---------------+----------------------+-----
Shields        | 4 5 6 |  6.3
Axes           | 3 4 5 6 |  6.5
Fighting       | |  3.2
Armour         | |  3.2

Action                   |  1- 3 |  4- 6 |  7- 9 || total
-------------------------+-------+-------+-------++-------
Melee: War axe           |   117 |   148 |    30 ||   295
Throw: Dart              |       |    11 |     3 ||    14
       Javelin           |       |     1 |       ||     1
       Throwing net      |       |       |     2 ||     2
 Abil: Shaft Self        |       |       |     1 ||     1
  Use: Scroll            |       |       |     5 ||     5
       Potion            |       |       |     3 ||     3
 Stab: Held in net/web   |       |       |     2 ||     2
Armor: Scale mail        |    54 |    66 |    10 ||   130
Dodge: Dodged            |    63 |    67 |    10 ||   140
Block: Buckler           |    27 |    29 |     5 ||    61
